 Dungeon Crawl Stone Soup version 0.31-a0-1405-g2bb1a01 (webtiles) character file.

Game seed: 12891622150334979158

2723 samfromsteam the Cleaver (level 9, -1/81 HPs)
             Began as a Minotaur Berserker on Dec 25, 2023.
             Was an Elder of Trog.
             Slain by a hornet (2 damage)
             ... on level 8 of the Dungeon.
             The game lasted 00:16:11 (6602 turns).

samfromsteam the Cleaver (Minotaur Berserker)       Turns: 6602, Time: 00:16:11

Health: -1/81      AC:  6    Str: 27    XL:     9   Next: 40%
Magic:  0/8        EV: 14    Int:  7    God:    Trog [****..]
Gold:   202        SH:  0    Dex: 12    Spells: 8/8 levels left

rFire   . . .        a - +0 hand axe
rCold   . . .        (no shield)
rNeg    + . .        z - +2 leather armour of the Carpenter {+Inv Int+3 Dex+3}
rPois   +            (helmet restricted)
rElec   .            (no cloak)
rCorr   .            q - -1 pair of gloves "Viywkon" {rPois rN+ Will- SInv}
SInv    +            (no boots)
Will    +....        w - amulet of guardian spirit
Stlth   +            (no ring)
HPRegen 1.33/turn    (no ring)
MPRegen 0.11/turn

%: guardian spirit
@: strong-willed, regenerating, slowed, very slow
A: horns 2, retaliatory headbutt
a: Renounce Religion, Evoke Invisibility, Berserk, Trog's Hand, Brothers in Arms


You were on level 8 of the Dungeon.
You worshipped Trog.
Trog was greatly pleased with you.
You visited 1 branch of the dungeon, and saw 8 of its levels.

You collected 439 gold pieces.
You spent 237 gold pieces at shops.

Inventory:

Hand Weapons
 a - a +0 hand axe (weapon)
 A - a +1 short sword of holy wrath
Armour
 q - the -1 pair of gloves "Viywkon" (worn) {rPois rN+ Will- SInv}
   (You bought it in a shop on level 4 of the Dungeon)

   rPois:     It protects you from poison rN+: It protects you from negative
   energy.
   Will-:     It decreases your willpower.
   SInv:      It lets you see invisible.
 z - the +2 leather armour of the Carpenter (worn) {+Inv Int+3 Dex+3}
   (You took it off an orc on level 4 of the Dungeon)

   Int+3:     It affects your intelligence (+3).
   Dex+3:     It affects your dexterity (+3).
   +Inv:      It lets you turn invisible.
Jewellery
 h - a ring of fire
 t - a ring of flight
 w - an amulet of guardian spirit (around neck)
Talismans
 C - a blade talisman
Wands
 m - a wand of flame (20)
 n - a wand of acid (16)
 E - a wand of polymorph (6)
Scrolls
 d - 2 scrolls of brand weapon {unknown}
 e - 2 scrolls of fear {unknown}
 f - 2 scrolls of enchant weapon {unknown}
 g - 7 scrolls of identify {unknown}
 k - 2 scrolls of blinking {unknown}
 p - 2 scrolls of teleportation {unknown}
 u - 2 scrolls of immolation {unknown}
 v - a scroll of poison {unknown}
 y - a scroll of vulnerability {unknown}
 B - a scroll of amnesia {unknown}
Potions
 b - a potion of haste {unknown}
 c - 2 potions of attraction {unknown}
 i - 2 potions of heal wounds {unknown}
 j - a potion of cancellation {unknown}
 l - 5 potions of curing {unknown}
 o - a potion of berserk rage {unknown}
 r - 3 potions of mutation {unknown}
 s - a potion of enlightenment {unknown}
 x - a potion of invisibility {unknown}
 D - a potion of resistance {unknown}


   Skills:
 + Level 7.8 Fighting
 * Level 10.5 Axes
 + Level 7.3 Armour
 + Level 6.6 Dodging


You had 8 spell levels left.
You didn't know any spells.
Your spell library contained the following spells:

 Spells                   Type           Power      Damage    Failure   Level
 Apportation              Tloc           0%         N/A       45%         1
 Necrotise                Necr           0%         1d4       45%         1
 Sting                    Conj/Alch      0%         1d3       45%         1
 Summon Small Mammal      Summ           0%         N/A       45%         1
 Volatile Blastmotes      Fire/Tloc      0%         2d10      83%         3
 Animate Dead             Necr           0%         N/A       99%         4
 Fulminant Prism          Conj/Alch      0%         3d5       99%         4
 Iskenderun's Mystic Bla  Conj/Tloc      0%         2d3       99%         4
 Haunt                    Necr/Summ      0%         N/A       100%        7
 Infestation              Necr           0%         N/A       100%        8


Dungeon Overview and Level Annotations

Branches:
Dungeon (8/15)             Temple (0/1) D:6
   Lair: D:8-11

Altars:
Cheibriados
Fedhas
Hepliaklqana
Kikubaaqudgha
Xom
Yredelemnul
The Shining One

Shops:
D:4 [   D:6 :


Innate Abilities, Weirdness & Mutations

You have a pair of horns on your head.
You reflexively headbutt those who attack you in melee.


Message History

The hornet barely misses you.
You hit the hornet but do no damage.
You hit the orc priest but do no damage.
The orc priest hits you but does no damage.
The hornet barely misses you.
You slash the hornet!
The hornet is moderately wounded.
You hit the orc priest but do no damage.
The hornet stings you.
You feel yourself slow down.
The orc priest hits you but does no damage.
The orc priest invokes the aid of Beogh against you.
Beogh smites you!
You hit the hornet but do no damage.
The hornet is moderately wounded.
You hit the orc priest. The hornet closely misses you.
The orc priest closely misses you. You furiously retaliate!
You headbutt the orc priest. The hornet stings you.
You feel as though you will be slow longer.
You slash the hornet!
You headbutt the hornet, but do no damage.
The hornet is heavily wounded.
You hit the orc priest but do no damage.
You hit the orc priest.
You hear the steady creaking of a distant portcullis.
The hornet barely misses you. The orc priest barely misses you.
The orc priest mumbles some strange prayers to Beogh against you.
Beogh smites you!
* * * LOW HITPOINT WARNING * * *
The hornet misses you.
Your skin crawls.
You feel strong-willed. The hornet stings you!
* * * LOW HITPOINT WARNING * * *
The orc priest hits you but does no damage.
The orc priest closely misses you. The orc priest hits you with a +0 mace.
* * * LOW HITPOINT WARNING * * *
The orc priest hits you with a +0 dagger.
* * * LOW HITPOINT WARNING * * *
The hornet stings you.
You die...

###.....#
...... .....
##..#.###......
.....
###.)##.......
.....
#))##.......
.....
#†))........
###..
#...........
#....
#......###..
...##
#.......##
.###.
#...)@o..# #..
#....yo..# #..
####.o...# ....
#.....# .#.#.
#.....# ####
#...#.. .
...##... #...
#.#.


You could see a hornet, 2 orc priests and an orc.

Vanquished Creatures
  Jeremiah (D:7)
  The ghost of stone111 the Slasher, an amateur HuGl (D:4)
  2 steam dragons
  A water moccasin (D:6)
  3 ogres
  4 centaurs
  2 phantoms
  2 bullfrogs
  3 scorpions
  A howler monkey (D:6)
  A bombardier beetle (D:3)
  A jelly (D:6)
  4 hounds
  6 orc priests
  A sleepcap (D:5)
  A gnoll bouda (D:8)
  Jessica (D:3)
  2 iguanas
  3 orc wizards
  4 gnolls (D:8)
  8 adders
  2 shadow imps
  2 white imps
  An ufetubus (D:6)
  A dart slug (D:4)
  37 orcs
  5 endoplasms
  4 giant cockroaches
  3 goblins
  2 hobgoblins (D:4)
  3 jackals (D:4)
  4 quokkas
  3 ball pythons
  A bat (D:1)
  3 frilled lizards
  7 kobolds
  7 rats
137 creatures vanquished.

Notes
Turn   | Place    | Note
-------+----------+-------------------------------------------
     0 | D:1      | samfromsteam the Minotaur Berserker began the quest for the
                  | Orb.
     0 | D:1      | Reached XP level 1. HP: 19/19 MP: 0/0
   382 | D:1      | Reached XP level 2. HP: 27/27 MP: 1/1
   477 | D:1      | Reached skill level 4 in Axes
   779 | D:2      | Found a blossoming altar of Fedhas.
  1431 | D:3      | Reached XP level 3. HP: 33/33 MP: 2/2
  1613 | D:3      | Found a hazy altar of Hepliaklqana.
  1630 | D:3      | Noticed Jessica
  1635 | D:3      | Killed Jessica
  1635 | D:3      | Reached ** piety under Trog
  1636 | D:3      | Reached XP level 4. HP: 40/40 MP: 3/3
  1804 | D:3      | Reached skill level 5 in Axes
  2033 | D:3      | Found an ancient bone altar of Kikubaaqudgha.
  2198 | D:4      | Found a runed translucent gate.
  2199 | D:4      | Found a runed translucent gate.
  2200 | D:4      | Found a runed translucent gate.
  2204 | D:4      | Noticed stone111's ghost (amateur HuGl)
  2205 | D:4      | Identified the +2 leather armour of the Carpenter {+Inv
                  | Int+3 Dex+3}
  2232 | D:4      | Reached XP level 5. HP: 46/47 MP: 4/4
  2411 | D:4      | Found Nivoph's Antique Armour Shoppe.
  2429 | D:4      | Found a basalt altar of Yredelemnul.
  2437 | D:4      | Noticed an ogre
  2442 | D:4      | Killed an ogre
  2497 | D:4      | Reached skill level 6 in Axes
  2497 | D:4      | Reached XP level 6. HP: 44/55 MP: 5/5
  2562 | D:4      | Reached skill level 5 in Fighting
  2952 | D:4      | Killed stone111's ghost
  2953 | D:4      | Reached skill level 7 in Axes
  2953 | D:4      | Reached XP level 7. HP: 61/61 MP: 4/6
  2964 | D:4      | Reached *** piety under Trog
  3037 | D:5      | Entered Level 5 of the Dungeon
  3060 | D:5      | Reached skill level 5 in Armour
  3712 | D:5      | Reached skill level 8 in Axes
  3712 | D:5      | Reached skill level 5 in Dodging
  3712 | D:5      | Reached XP level 8. HP: 62/70 MP: 5/7
  4030 | D:4      | Found a snail-covered altar of Cheibriados.
  4088 | D:4      | Bought a pair of pitted gloves for 237 gold pieces
  4088 | D:4      | Identified the -1 pair of gloves "Viywkon" {rPois rN+ Will-
                  | SInv} (You bought it in a shop on level 4 of the Dungeon)
  4361 | D:6      | Found a staircase to the Ecumenical Temple.
  4719 | D:6      | Reached skill level 9 in Axes
  4953 | D:6      | Found Enuis's Self-Improvement Boutique.
  5087 | D:6      | Found a glowing golden altar of the Shining One.
  5208 | D:7      | Found a shimmering altar of Xom.
  5375 | D:7      | Noticed Jeremiah
  5398 | D:7      | Killed Jeremiah
  5399 | D:7      | Reached XP level 9. HP: 19/79 MP: 2/8
  5830 | D:7      | Reached skill level 10 in Axes
  6006 | D:7      | Found a blossoming altar of Fedhas.
  6289 | D:7      | Identified the +1 robe of the Onion {Int+3}
  6491 | D:8      | Reached **** piety under Trog
  6602 | D:8      | HP: 6/81 [hornet (12)]
  6602 | D:8      | HP: 2/81 [orc priest/+0 mace (4)]
  6602 | D:8      | Slain by a hornet

Illustrated notes

Levels and vault maps discovered:
D:1:      dpeg_arrival_three_same_balls, layout_basic,
          dreamdust_mushroom_princess
D:2:      layout_loops_corners, basic_altar
D:3:      layout_loops_cross, nicolae_overflow_crystal_walls,
          mainiacjoe_overflow_alcove_2, uniq_jessica
D:4:      layout_cave_pools, nicolae_overflow_hidden_temple,
          biasface_ghost_orc_armoury, nicolae_take_the_stairs
D:5:      layout_loops_ring
D:6:      layout_layer_cave, nicolae_tso_carved_into_rock,
          minmay_temple_entry_waves, st_stairs_2, minmay_splitting_lines,
          nicolae_shop_self_help
D:7:      layout_gridville, mainiacjoe_overflow_boulevard,
          mainiacjoe_overflow_alcove_1, dk_noncrumbling_4,
          kb_lookout_dungeons_type, uniq_jeremiah
D:8:      layout_cave_pools, marbit_many_paths, serial_shops, shop, shop,
          enter_bailey_6, nrook_uturn, minmay_door_square, uniq_maurice

Skill      XL: |  1  2  3  4  5  6  7  8  9 |
---------------+----------------------------+-----
Axes           | 4 5 6 7 8 9 10 | 10.5
Fighting       | 4 5 6 7 |  7.8
Armour         | 3 4 5 6 7 |  7.3
Dodging        | 3 4 5 6 |  6.6

Action                     |  1- 3 |  4- 6 |  7- 9 || total
---------------------------+-------+-------+-------++-------
  Melee: Hand axe          |    67 |    81 |   249 ||   397
         Headbutt          |     1 |    16 |    55 ||    72
         Punch             |       |     1 |     1 ||     2
 Invoke: Berserk           |     1 |     2 |     1 ||     4
         Trog's Hand       |       |     1 |     2 ||     3
   Stab: Sleeping          |     2 |       |       ||     2
 Armour: Animal skin       |     7 |       |       ||     7
         Scale mail        |    18 |    69 |     4 ||    91
         Leather armour    |       |       |   160 ||   160
  Dodge: Dodged            |    33 |    53 |   179 ||   265

Table legend: (Time is in decaauts)
 A = Elapsed time spent in this place.
 B = Non-inter-level travel time spent in this place.
 C = Inter-level travel time spent in this place.
 D = Time resting spent in this place.
 E = Time spent auto-exploring this place.
 F = Levels seen in this place.
 G = Mean time per level.
                   A        B        C        D        E       F      G
               +--------+--------+--------+--------+--------+-----+--------+
         Total |   6616 |   6385 |    231 |    390 |   4956 |   8 |  827.0 |
       Dungeon |   6616 |   6385 |    231 |    390 |   4956 |   8 |  827.0 |
               +--------+--------+--------+--------+--------+-----+--------+

Top non-repeatable levels by time:
     D:7: 1177 daAuts
     D:5: 1155 daAuts
     D:6: 924 daAuts
     D:4: 904 daAuts
     D:2: 886 daAuts
     D:3: 831 daAuts
     D:1: 483 daAuts
     D:8: 253 daAuts
